AoeStats
← MaX

Enclosed

505732245Analyzed
1v1 RM · 21d ago on Sep 10, 2026· 31m 4s· 2 players
Game mode
Random Map
Map size
Tiny (2 player)
Population
200
Speed
Normal
Resources
Standard
Victory
Conquest
Starting age
Dark Age
Ending age
Imperial Age
RankedLock teamsTeams togetherTeam positionsShared explorationLock speedFull tech treeHidden civsTurbo modeCheats
Victory
Defeat
🇺🇸 Wu · United States
590
+18
🇩🇪 Cumans · Germany
625
-38
Choo Choo mother trucker
4:41 Loom
9:16 Feudal Age
12:09 Town Watch
12:13 Horse Collar
13:08 Man-at-Arms
13:58 Double-Bit Axe
18:26 Fletching
20:32 Wheelbarrow
23:12 Scale Mail Armor
25:45 Padded Archer Armor
26:05 Forging
27:55 Arson
29:03 Man-at-Arms
MaX
11:11 Feudal Age
11:50 Double-Bit Axe
14:24 Loom
15:15 Wheelbarrow
21:20 Castle Age
22:41 Hand Cart
23:25 Bow Saw
22:57 Horse Collar
23:37 Stone Mining
23:38 Gold Mining
29:40 Man-at-Arms
Connection lost

Rejoining the realm…

Still unreachable

The connection could not be restored.

Session expired

The server has moved on; the page needs a fresh start.